 Dungeon Crawl Stone Soup version 0.26-a0-652-gafc20e3620 (webtiles) character file.

Game seed: 6325290429694464616

578 grandjackal the Insei (level 7, -4/55 HPs)
             Began as a Demonspawn Transmuter on Oct 2, 2020.
             Shot with an arrow by a centaur (7 damage)
             ... on level 6 of the Dungeon.
             The game lasted 00:07:29 (5917 turns).

grandjackal the Insei (Demonspawn Transmuter)       Turns: 5917, Time: 00:07:29

Health: -4/55      AC:  3    Str: 11    XL:     7   Next: 13%
Magic:  6/10       EV: 12    Int: 16    God:
Gold:   250        SH:  0    Dex: 13    Spells: 2/10 levels left

rFire    . . .     SeeInvis .     - Unarmed
rCold    . . .     Faith    .   (no shield)
rNeg     . . .     Spirit   .   a - +0 robe
rPois    .         Reflect  .   (no helmet)
rElec    .         Harm     .   (no cloak)
rCorr    .         Rampage  .   (no gloves)
MR       .....                  c - +0 pair of boots (curse)
Stlth    +.........             (no amulet)
HPRegen  0.18/turn              (no ring)
MPRegen  0.12/turn              (no ring)

@: very slightly contaminated
A: talons 2, powered by death 1
a: no special abilities


You were on level 6 of the Dungeon.
You visited 1 branch of the dungeon, and saw 6 of its levels.

You collected 250 gold pieces.

Inventory:

Missiles
 l - 6 poisoned darts (quivered)
 s - 5 curare-tipped darts
Armour
 a - a +0 robe (worn)
 c - a cursed +0 pair of boots (worn)
Jewellery
 g - an uncursed amulet of the acrobat {unknown}
 x - an uncursed amulet of guardian spirit {unknown}
Wands
 q - a wand of paralysis (2)
Scrolls
 b - 4 scrolls of identify {unknown}
 d - 4 scrolls of amnesia {unknown}
 e - a scroll of teleportation {unknown}
 h - a scroll of blinking {unknown}
 i - 2 scrolls of noise {unknown}
 m - 2 scrolls of remove curse {unknown}
 r - a scroll of random uselessness {unknown}
 v - a scroll of magic mapping {unknown}
 w - a scroll of enchant armour {unknown}
Potions
 f - 2 potions of degeneration {unknown}
 j - a potion of ambrosia {unknown}
 k - 2 potions of magic {unknown}
 n - 6 potions of curing {unknown}
 o - 2 potions of flight {unknown}
 p - a potion of haste {unknown}
 t - a potion of cancellation {unknown}
 u - a potion of stabbing {unknown}
 z - a potion of lignification {unknown}


   Skills:
 + Level 4.4 Fighting
 - Level 1.7 Dodging
 + Level 4.8 Unarmed Combat
 - Level 2.0 Spellcasting
 + Level 4.2 Transmutations


You had 2 spell levels left.
You knew the following spells:

 Your Spells              Type           Power        Failure   Level
a - Beastly Appendage     Tmut           ###...       3%          1
b - Spider Form           Tmut/Pois      #.........   26%         3
c - Ice Form              Ice/Tmut       #.......     65%         4

Your spell library contained the following spells:

 Spells                   Type           Power        Failure   Level
 Wereblood                Tmut           ###.....     5%          2
 Blade Hands              Tmut           ###.......   69%         5


Dungeon Overview and Level Annotations

Branches:
Dungeon (7/15)             Temple (0/1) D:4

Altars:
Ru


Innate Abilities, Weirdness & Mutations

You have razor-sharp toenails.
You regenerate a little health from kills.


Message History

The centaur shouts!
The centaur wields a +0 shortbow.
The centaur shoots an arrow.
The arrow hits you!
The centaur shoots an arrow.
The arrow hits you.
The centaur shoots an arrow.
The arrow hits you!
You see here an arrow.
The centaur shoots an arrow.
The arrow hits you.
The centaur shoots an arrow.
The arrow hits you.
You see here an arrow.
Casting: Ice Form (extremely dangerous; 65% risk of failure)
Confirm with . or Enter, or press ? or * to list all spells.
The spell is extremely dangerous to cast (65% risk of failure)!
Continue anyway?
You miscast Ice Form.
You are very lightly contaminated with residual magic.
Heat is drained from your body!
* * * LOW HITPOINT WARNING * * *
The centaur shoots an arrow.
The arrow hits you.
* * * LOW HITPOINT WARNING * * *
The centaur shoots an arrow.
The arrow hits you!
You die...

#.......##
#####....#
#...#....#
#...#....#
+...'....#
#...#....#
#...#(####
#...#.#
#####@#
#.# #.#
#.# c.#
###


You could see a centaur.

Vanquished Creatures
  An ice beast (D:4)
  A black bear (D:7)
  A scorpion (D:3)
  An orc priest (D:7)
  An iguana (D:3)
  An orc wizard (D:7)
  2 worker ants
  3 gnolls (D:2)
  7 adders
  4 worms
  2 dart slugs
  8 leopard geckos
  13 orcs
  4 ball pythons
  6 bats
  6 giant cockroaches
  12 goblins
  11 hobgoblins
  2 jackals (D:1)
  6 kobolds
  2 quokkas (D:2)
  6 frilled lizards
  A jackal skeleton (D:7)
  A leopard gecko skeleton (D:7)
  6 rats
108 creatures vanquished.

Notes
Turn   | Place    | Note
-------+----------+-------------------------------------------
     0 | D:1      | grandjackal the Demonspawn Transmuter began the quest for
                  | the Orb.
     0 | D:1      | Reached XP level 1. HP: 15/15 MP: 3/3
   423 | D:1      | Mutation became permanent: You have sharp toenails.
                  | [demonic ancestry]
   423 | D:1      | Gained mutation: You have razor-sharp toenails. [demonic
                  | ancestry]
   423 | D:1      | Reached XP level 2. HP: 15/21 MP: 3/5
  1535 | D:2      | Gained mutation: You have razor-sharp toenails. [demonic
                  | ancestry]
  1535 | D:2      | Reached XP level 3. HP: 17/27 MP: 4/6
  2841 | D:2      | Reached XP level 4. HP: 34/34 MP: 7/7
  3024 | D:2      | Learned a level 3 spell: Spider Form
  3922 | D:3      | Reached XP level 5. HP: 40/40 MP: 4/8
  4200 | D:3      | Found a sacrificial altar of Ru.
  4732 | D:3      | Gained mutation: You regenerate a little health from kills.
                  | [demonic ancestry]
  4732 | D:3      | Reached XP level 6. HP: 29/47 MP: 9/9
  5268 | D:3      | Learned a level 4 spell: Ice Form
  5344 | D:4      | Noticed an ice beast
  5363 | D:4      | Killed an ice beast
  5473 | D:4      | Found a staircase to the Ecumenical Temple.
  5506 | D:4      | You fall into a shaft and drop 3 floors!
  5634 | D:7      | Reached XP level 7. HP: 49/54 MP: 6/10
  5917 | D:6      | Shot with an arrow by a centaur

Illustrated notes

Levels and vault maps discovered:
D:1:      minmay_arrival_hallway, layout_basic
D:2:      layout_rooms, minivault_19
D:3:      layout_loops_ring, nicolae_ru_sacrificial_ziggurat,
          gup_sewer_entry_glass, minmay_joined_circles
D:4:      layout_rooms, minmay_temple_entry_antechambers,
          kennysheep_generic_room_6
D:6:      layout_basic, enter_ossuary_1
D:7:      layout_basic, kennysheep_small_circle

Skill      XL: |  1  2  3  4  5  6 |
---------------+-------------------+-----
Transmutations | 2 3 4 |  4.2
Unarmed Combat | 3 4 |  4.8
Fighting       | 2 3 4 |  4.4
Dodging        | |  1.7
Spellcasting   | |  2.0

Action                   |  1- 3 |  4- 6 |  7- 9 || total
-------------------------+-------+-------+-------++-------
Melee: Unarmed           |   164 |   227 |    23 ||   414
       Headbutt          |    10 |    13 |       ||    23
       Kick              |    16 |    23 |       ||    39
       Punch             |     2 |     2 |       ||     4
 Cast: Beastly Appendage |    11 |     7 |       ||    18
       Spider Form       |       |     9 |     1 ||    10
       Ice Form          |       |       |     1 ||     1
Evoke: Wand              |       |     2 |       ||     2
 Stab: Sleeping          |       |     4 |       ||     4
       Paralysed         |       |     8 |       ||     8
Armor: Robe              |    33 |    19 |     1 ||    53
       Skin              |       |     3 |       ||     3
Dodge: Dodged            |    97 |   116 |     8 ||   221

Table legend: (Time is in decaauts)
 A = Elapsed time spent in this place.
 B = Non-inter-level travel time spent in this place.
 C = Inter-level travel time spent in this place.
 D = Time resting spent in this place.
 E = Time spent auto-exploring this place.
 F = Levels seen in this place.
 G = Mean time per level.
                   A        B        C        D        E       F      G
               +--------+--------+--------+--------+--------+-----+--------+
         Total |   5889 |   5833 |     56 |   2608 |   2034 |   6 |  981.5 |
       Dungeon |   5889 |   5833 |     56 |   2608 |   2034 |   6 |  981.5 |
               +--------+--------+--------+--------+--------+-----+--------+

Top non-repeatable levels by time:
     D:2: 2080 daAuts
     D:1: 1787 daAuts
     D:3: 1385 daAuts
     D:7: 391 daAuts
     D:4: 228 daAuts
     D:6: 15 daAuts
